 Dungeon Crawl Stone Soup version 0.27.1-34-g3ba077fa99 (webtiles) character file.

Game seed: 4850877127678057564

411 sankara the Cudgeller (level 4, -3/39 HPs)
             Began as a Minotaur Monk on Jan 18, 2022.
             Was a Believer of Ru.
             Killed by an exploding adder (38 damage)
             ... ignited by their inner flame
             ... on level 4 of the Dungeon.
             The game lasted 00:08:02 (3920 turns).

sankara the Cudgeller (Minotaur Monk)               Turns: 3920, Time: 00:08:02

Health: -3/39      AC: 13    Str: 16    XL:     4   Next: 58%
Magic:  3/3        EV:  9    Int:  7    God:    Ru [**....]
Gold:   259        SH:  0    Dex: 19    Spells: 3/3 levels left

rFire    . . .     SeeInvis .   a - +0 mace
rCold    . . .     Faith    .   (no shield)
rNeg     . . .     Spirit   .   d - +0 chain mail
rPois    .         Reflect  .   (helmet restricted)
rElec    .         Harm     .   (no cloak)
rCorr    .         Rampage  .   o - +0 pair of gloves
Will     .....                  s - +2 pair of boots {Stlth+}
Stlth    ..........             (no amulet)
HPRegen  0.13/turn              c - +6 ring of dexterity
MPRegen  0.08/turn              (no ring)

@: no status effects
A: horns 2, inexperienced 1, retaliatory headbutt
a: Renounce Religion


You were on level 4 of the Dungeon.
You worshipped Ru.
Ru was pleased with you.
You visited 2 branches of the dungeon, and saw 6 of its levels.

You collected 259 gold pieces.

Inventory:

Hand Weapons
 a - a +0 mace (weapon)
 l - a +0 hunting sling
Missiles
 b - 103 stones (quivered)
 n - 45 arrows
 u - 22 poisoned darts
 x - 4 boomerangs
Armour
 d - a +0 chain mail (worn)
 o - a +0 pair of gloves (worn)
 s - a +2 pair of boots of stealth (worn)
Jewellery
 c - a +6 ring of dexterity (left hand)
 q - a ring of fire
 w - the ring "Enkarrui" {Fire rCorr}
   (You found it on level 4 of the Dungeon)

   [ring of fire]

   It enhances your fire magic.
   rF:        It protects you from fire.
   rC:        It makes you vulnerable to cold.
   rCorr:     It protects you from acid and corrosion.
Scrolls
 g - a scroll of teleportation
 k - 5 scrolls of blinking {unknown}
 p - a scroll of amnesia {unknown}
 y - 2 scrolls of acquirement {unknown}
 A - a scroll of fog {unknown}
 C - a scroll of noise {unknown}
Potions
 e - 3 potions of invisibility {unknown}
 i - 2 potions of heal wounds {unknown}
 j - 3 potions of curing {unknown}
 m - a potion of haste {unknown}
 r - 2 potions of magic {unknown}
 t - 2 potions of lignification {unknown}
 v - a potion of attraction {unknown}
 z - a potion of experience {unknown}
 B - a potion of brilliance {unknown}


   Skills:
 - Level 3.6 Fighting
 * Level 6.9 Maces & Flails
 + Level 3.7 Armour
 + Level 4.9 Dodging
 - Level 1.5 Stealth


You had 3 spell levels left.
You didn't know any spells.
Your spell library contained the following spells:

 Spells                   Type           Power      Damage    Failure   Level
 Shock                    Conj/Air       0%         1d3       100%        1
 Corpse Rot               Necr/Air       N/A        N/A       100%        2
 Passwall                 Tmut/Erth      0%         N/A       100%        2
 Poisonous Vapours        Pois/Air       0%         N/A       100%        2
 Swiftness                Air            0%         N/A       100%        3
 Airstrike                Air            0%         N/A       100%        4
 Freezing Cloud           Conj/Ice/Air   0%         6-21      100%        5
 Invisibility             Hex            0%         N/A       100%        6


Dungeon Overview and Level Annotations

Branches:
Dungeon (5/15)             Temple (1/1) D:4

Altars:
Ashenzari
Kikubaaqudgha
Makhleb
Okawaru
Ru
Sif Muna
Trog
Uskayaw
Vehumet
Xom
Zin
The Shining One


Innate Abilities, Weirdness & Mutations

You have a pair of horns on your head.
You are somewhat inexperienced. (-2 XL)
You reflexively headbutt those who attack you in melee.


Message History

As you read the scroll labelled MUMPATHR OXKIZY, it crumbles to dust.
You assume a fearsome visage.
Nothing appears to happen.
It was a scroll of fear.
As you read the scroll labelled DUIDOA KUISKYSK, it crumbles to dust.
You feel strangely unstable.
It was a scroll of teleportation.
You climb upwards.
Your surroundings suddenly seem different.
You don't know any spells.
Unknown command.
There is a stone staircase leading up here.
There is a stone staircase leading down here.
You climb downwards.
You hear the hiss of flowing sand.
There is an entrance to an ossuary on this level.
Hurry and find it before the portal is buried!
The adder hisses angrily.
Found a leather armour.
Found a stone staircase leading down.
There is a stone staircase leading up here.
As you read the scroll labelled DYCZOT JAIDU, it crumbles to dust.
The creatures around you are filled with an inner flame!
It was a scroll of immolation.
The quokka bites you but does no damage.
The adder bites you but does no damage.
You climb upwards.
There is a stone staircase leading down here.
The quokka bites you but does no damage. x2
The adder barely misses you. The quokka barely misses you.
The adder bites you but does no damage. The quokka closely misses you.
You hit the adder.
Flame seeps out of the adder.
The adder is lightly wounded.
The adder is engulfed in blazing flames.
Flame seeps out of the adder.
The adder bites you but does no damage. The quokka barely misses you.
You furiously retaliate!
You headbutt the quokka!
The quokka explodes!
The fiery explosion engulfs the adder!!
The fiery explosion engulfs you.
The adder explodes!
The fiery explosion engulfs you!!!
Ouch! That really hurt!
You die...

#.........# #.### #.........#
#.# #.........### #.#
#....)......#######.##
######..>......#..........######
#....#.........######..#........
###...........§..####.##.######.
###....)...§§#....#.#..# #.
#...<....§○@......>.## ####.
##.......#####.#<...)###.[..
##..##### #..#...........
##..#### ##....##...###.
##....#####...###....)...
####....##...###.#####..
####.##.#.##..# #.. #.#..#..#.##
### #..>###....# #


There were no monsters in sight!

Vanquished Creatures
  A necrophage (D:4)
  An ogre (D:4)
  A bullfrog zombie (D:5)
  2 hounds (D:4)
  8 adders
  4 worms
  3 dart slugs
  An orc (D:3)
  5 bats
  6 endoplasms
  5 giant cockroaches
  5 goblins
  9 hobgoblins
  3 quokkas
  7 ball pythons
  9 kobolds
  4 rats
74 creatures vanquished.

Notes
Turn   | Place    | Note
-------+----------+-------------------------------------------
     0 | D:1      | sankara the Minotaur Monk began the quest for the Orb.
     0 | D:1      | Reached XP level 1. HP: 19/19 MP: 0/0
   152 | D:1      | Reached skill level 4 in Maces & Flails
   287 | D:1      | Reached XP level 2. HP: 26/26 MP: 1/1
   857 | D:2      | Reached skill level 1 in Armour
   899 | D:2      | Reached XP level 3. HP: 30/31 MP: 2/2
  1033 | D:2      | Found a faded altar of an unknown god.
  1634 | D:2      | Reached skill level 5 in Maces & Flails
  1914 | D:3      | Reached XP level 4. HP: 33/39 MP: 3/3
  2754 | D:4      | Identified the ring "Enkarrui" {Fire rCorr}
  2771 | D:4      | Reached XP level 5. HP: 45/45 MP: 4/4
  2991 | D:4      | Found a staircase to the Ecumenical Temple.
  3010 | Temple   | Entered the Ecumenical Temple
  3239 | Temple   | Became a worshipper of Ru the Awakened
  3251 | Temple   | Gained mutation: You are somewhat inexperienced. (-2 XL)
                  | [Ru sacrifice]
  3251 | Temple   | Reached XP level 4. HP: 39/39 MP: 3/3
  3251 | Temple   | Reached XP level 3. HP: 31/31 MP: 2/2
  3251 | Temple   | Reached * piety under Ru
  3251 | Temple   | Reached ** piety under Ru
  3350 | D:4      | Reached skill level 6 in Maces & Flails
  3426 | D:4      | Found an iron altar of Okawaru.
  3426 | D:4      | Found a radiant altar of Vehumet.
  3432 | D:4      | Noticed an ogre
  3439 | D:4      | Killed an ogre
  3440 | D:4      | Reached XP level 4. HP: 6/39 MP: 3/3
  3838 | D:5      | Entered Level 5 of the Dungeon
  3920 | D:4      | Killed by an exploding adder... ignited by their inner
                  | flame

Illustrated notes

Levels and vault maps discovered:
D:1:      dpeg_arrival_tiny_i, layout_loops_ring
D:2:      layout_loops_corners, chequers_ecumenical_altar_simple
D:3:      layout_loops_ring, st_stairs_12
D:4:      layout_rooms, gammafunk_temple_overflow_statue,
          minmay_temple_entry_offerings
D:5:      layout_basic, enter_ossuary_1, serial_shops, nicolae_square_shop,
          minmay_gold_behind_fungi
Temple:   jpeg_temple_alley_garden

Skill      XL: |  1  2  3  4 |
---------------+-------------+-----
Maces & Flails | 4 6 |  6.9
Armour         | 1 3 2 |  3.7
Dodging        | 4 |  4.9
Fighting       | |  3.6
Stealth        | |  1.5

Action                   |  1- 3 |  4- 6 || total
-------------------------+-------+-------++-------
Melee: Mace              |    95 |    78 ||   173
       Headbutt          |    21 |    11 ||    32
Invok: Sacrifice Experie |     1 |       ||     1
  Use: Scroll            |       |     3 ||     3
Armor: Chain mail        |    36 |    43 ||    79
       Robe              |     2 |       ||     2
Dodge: Dodged            |    43 |    31 ||    74
